 Dungeon Crawl Stone Soup version 0.25-a0-589-g1e14c549ee (webtiles) character file.

Game seed: 4995931447273764290, levelgen mode: deterministic

43 n0claF the Poker (level 3, -3/28 HPs)
             Began as a Demonspawn Gladiator on Mar 12, 2020.
             Killed from afar by an orc wizard (4 damage)
             ... with a magic dart
             ... on level 3 of the Dungeon.
             The game lasted 00:04:07 (1789 turns).

n0claF the Poker (Demonspawn Gladiator)             Turns: 1789, Time: 00:04:07

Health: -3/28      AC:  6    Str: 15    XL:     3   Next: 37%
Magic:  3/3        EV: 12    Int:  9    God:
Gold:   72         SH:  0    Dex: 14    Spells: 2/2 levels left

rFire    . . .     SeeInvis .   a - +0 trident
rCold    . . .     Gourm    .   (no shield)
rNeg     . . .     Faith    .   b - +0 leather armour
rPois    .         Spirit   .   c - +0 helmet
rElec    .         Reflect  .   (no cloak)
rCorr    .         Harm     .   (no gloves)
MR       .....                  (no boots)
Stlth    +.........             (no amulet)
HPRegen  0.09/turn              (no ring)
MPRegen  0.08/turn              (no ring)

@: stab
A: thin metallic scales 1, powered by death 1
a: no special abilities


You were on level 3 of the Dungeon.
You were not hungry.

You visited 1 branch of the dungeon, and saw 3 of its levels.

You collected 72 gold pieces.

Inventory:

Hand Weapons
 a - a +0 trident (weapon)
Missiles
 d - 3 throwing nets (quivered) {!f}
Armour
 b - a +0 leather armour (worn)
 c - a +0 helmet (worn)
 g - a +0 plate armour
   (You found it on level 1 of the Dungeon)
Scrolls
 f - a scroll of remove curse {unknown}
 h - a scroll of blinking {unknown}
 i - 2 scrolls of identify {unknown}
 k - a scroll of teleportation {unknown}
Potions
 j - 2 potions of flight {unknown}
 l - a potion of curing {unknown}
 n - a potion of haste {unknown}
Comestibles
 e - 7 rations {!d}
 o - 4 chunks of flesh


   Skills:
 + Level 2.7 Fighting
 * Level 3.7 Polearms
 - Level 1.7 Throwing
 - Level 2.6 Dodging


You had 2 spell levels left.
You didn't know any spells.
Your spell library was empty.

Dungeon Overview and Level Annotations

Branches:
Dungeon (3/15)

Altars:

Annotations:
D:2 Sigmund


Innate Abilities, Weirdness & Mutations

You are partially covered in thin metallic scales. (AC +2)
You regenerate a little health from kills.


Message History

You barely miss the quokka. The quokka misses you. The quokka bites you.
* * * LOW HITPOINT WARNING * * *
You hit the quokka but do no damage.
The quokka bites you but does no damage.
You closely miss the quokka. The quokka misses you.
The quokka bites you but does no damage.
You barely miss the quokka. The quokka barely misses you.
The orc wizard shouts!
The orc wizard casts a spell.
The orc wizard seems to speed up.
The quokka barely misses you. The quokka barely misses you.
The quokka barely misses you. The quokka barely misses you.
The orc wizard barely misses you.
The orc wizard hits you with a cursed -2 dagger.
* * * LOW HITPOINT WARNING * * *
The orc wizard casts a spell.
The orc wizard flickers and vanishes!
Deactivating autopickup; reactivate with Ctrl-A.
The quokka bites you.
* * * LOW HITPOINT WARNING * * *
You see here a rat skeleton.
The quokka closely misses you.
The quokka twitches its whiskers.
The quokka closely misses you.
There is an open door here.
The quokka twitches its whiskers.
The quokka bites you.
* * * LOW HITPOINT WARNING * * *
You hear some strange, mumbled words.
A magic dart appears from out of thin air!
The magic dart hits you!
* * * LOW HITPOINT WARNING * * *
You hear some strange, mumbled words.
A puff of flame appears from out of thin air!
The puff of flame hits you.
* * * LOW HITPOINT WARNING * * *
The quokka closely misses you.
Unknown command.
Unknown command.
Something hits you but does no damage. The quokka closely misses you.
It was a potion of stabbing.
You feel ready to backstab. Something hits you but does no damage.
The quokka bites you but does no damage.
You hear some strange, mumbled words.
A magic dart appears from out of thin air!
The magic dart hits you.
You die...

.#.#..# #..........# .# #
#..........##### .#
#..........'...# .#
#..........###.# +#
#.......<..# #.# ##'#########
#.# #.# #.# ###'##### #.#
####..@....# #.# #....r{....#
#.# #.....)....# #.#
#..........#######.#
#..........#.......#
#....#'#####.####..#
#....#.....#.####..#
........###....#####.#.......#
.o.....
#.+....'...#.######.#####


You could see a quokka.

Vanquished Creatures
  An adder (D:3)
  A dart slug (D:1)
  7 bats (D:1)
  5 giant cockroaches
  7 goblins
  3 hobgoblins (D:1)
  A ball python (D:1)
  A frilled lizard (D:3)
  A kobold (D:1)
  2 rats (D:3)
29 creatures vanquished.

Notes
Turn   | Place    | Note
-------+----------+-------------------------------------------
     0 | D:1      | n0claF the Demonspawn Gladiator began the quest for the
                  | Orb.
     0 | D:1      | Reached XP level 1. HP: 16/16 MP: 1/1
     6 | D:1      | Noticed a black mamba
     6 | D:1      | Noticed a killer bee
     6 | D:1      | Noticed a polar bear
     6 | D:1      | Noticed a rime drake
     6 | D:1      | Noticed a komodo dragon
    83 | D:1      | Reached skill level 3 in Polearms
    88 | D:1      | Gained mutation: You are partially covered in thin metallic
                  | scales. (AC +2) [demonic ancestry]
    88 | D:1      | Reached XP level 2. HP: 21/22 MP: 2/2
   650 | D:2      | Noticed Sigmund
  1348 | D:2      | Gained mutation: You regenerate a little health from kills.
                  | [demonic ancestry]
  1348 | D:2      | Reached XP level 3. HP: 28/28 MP: 3/3
  1785 | D:3      | HP: 1/28 [something/puff of flame (3)]
  1789 | D:3      | Killed from afar by an orc wizard

Levels and vault maps discovered:
D:1:      onia_arrival_zoo_common, layout_loops_ring
D:2:      layout_rooms, first_ration, uniq_sigmund
D:3:      layout_basic, xom_butterflies, elyvilon_altar_3

Skill      XL: |  1 |
---------------+----+-----
Polearms       | 3 |  3.7
Fighting       | |  2.7
Throwing       | |  1.7
Dodging        | |  2.6

Action                   || total
-------------------------++-------
Melee: Trident           ||    97
  Use: Potion            ||     1
 Stab: Sleeping          ||     4
  Eat: Ration            ||     1
Armor: Leather armour    ||    38
Dodge: Dodged            ||    67

Table legend:
 A = Non-vault XP
 B = Vault XP
 C = Vault XP percentage of total XP
 D = Non-vault monster count
 E = Vault monster count
 F = Vault count percentage of total count
                 A         B        C        D         E       F
            +---------+---------+-------+---------+---------+-------
      Total |      62 |       0 |   0.0 |      29 |       0 |   0.0
            +---------+---------+-------+---------+---------+-------
        D:1 |      36 |       0 |   0.0 |      20 |       0 |   0.0
        D:2 |       6 |       0 |   0.0 |       3 |       0 |   0.0
        D:3 |      20 |       0 |   0.0 |       6 |       0 |   0.0
            +---------+---------+-------+---------+---------+-------
